 Dungeon Crawl Stone Soup version 0.25-a0-631-gc915619fb7 (webtiles) character file.

Game seed: 13254438285956233222, levelgen mode: deterministic

877126 Lugonue the Wrestler (level 27, -11/256 HPs)
             Began as a Troll Fighter on Mar 17, 2020.
             Was the Champion of Zin.
             Killed from afar by a lich (21 damage)
             ... with a bolt of fire
             ... on level 7 of Gehenna on Mar 18, 2020.
             The game lasted 04:18:28 (64914 turns).

Lugonue the Wrestler (Troll Fighter)               Turns: 64914, Time: 04:18:29

Health: -11/256    AC: 46    Str: 49    XL:     27
Magic:  32/32      EV: 12    Int:  9    God:    Zin [******]
Gold:   5377       SH: 33    Dex: 13    Spells: 26/26 levels left

rFire    + . .     SeeInvis +     - Unarmed
rCold    + . .     Gourm    +   J - +5 tower shield {reflect}
rNeg     + + .     Faith    .   K - +12 gold dragon scales
rPois    +         Spirit   .   I - +0 hat of Hopscotch {Str+4 Int+5}
rElec    +         Reflect  +   f - +2 cloak {MR+}
rCorr    .         Harm     .   (gloves unavailable)
MR       +++..                  (boots unavailable)
Stlth    ..........             N - amulet of Sybucw {Acrobat rElec rN+ SInv}
HPRegen  0.92/turn              t - ring of Jicopp {AC+2 Str+8}
MPRegen  0.23/turn              k - ring of positive energy

@: no status effects
A: large, unfitting armour, claws 3, fast metabolism 3, gourmand, regeneration
1, shaggy fur 1, tough skin 3
}: 7/15 runes: serpentine, barnacled, slimy, silver, iron, bone, abyssal
a: Recite, Vitalisation, Imprison, Sanctuary, Donate Gold, Renounce Religion


You were on level 7 of Gehenna.
You worshipped Zin.
Zin was exalted by your worship.
You were not hungry.

You visited 14 branches of the dungeon, and saw 74 of its levels.
You visited the Abyss 3 times.
You also visited: Ice Cave.

You collected 8797 gold pieces.
You spent 3247 gold pieces at shops.
You donated 173 gold pieces to Zin.

Inventory:

Missiles
 n - 125 large rocks
 z - 72 boomerangs
 D - 22 silver javelins (quivered)
 F - 7 throwing nets
 V - 12 javelins
Armour
 f - a +2 cloak of magic resistance (worn)
 I - the +0 hat of Hopscotch (worn) {Str+4 Int+5}
   (Okawaru gifted it to you on level 4 of the Depths)

   It affects your strength (+4).
   It affects your intelligence (+5).
 J - a +5 tower shield of reflection (worn)
 K - +12 gold dragon scales (worn)
Jewellery
 k - a ring of positive energy (right claw)
 t - the ring of Jicopp (left claw) {AC+2 Str+8}
   (You found it on level 7 of Tartarus)

   [ring of protection]

   It affects your AC (+2).
   It affects your strength (+8).
 N - the amulet of Sybucw (around neck) {Acrobat rElec rN+ SInv}
   (You found it on level 4 of the Vaults)

   [amulet of the acrobat]

   It helps you evade while moving and waiting.
   It insulates you from electricity.
   It protects you from negative energy.
   It lets you see invisible.
Wands
 g - a wand of paralysis (15)
 B - a wand of disintegration (12)
 Y - a wand of clouds (7)
 Z - a wand of acid (30)
Scrolls
 b - 2 scrolls of fear
 c - 5 scrolls of magic mapping
 h - 29 scrolls of remove curse
 i - 8 scrolls of fog
 j - 2 scrolls of amnesia
 m - 9 scrolls of identify
 r - 13 scrolls of teleportation
 L - 4 scrolls of holy word
 S - 5 scrolls of silence
 W - 2 scrolls of summoning
Potions
 e - 2 potions of resistance
 l - a potion of magic
 o - 17 potions of curing
 s - 5 potions of mutation
 v - 4 potions of haste
 G - a potion of berserk rage
 M - 2 potions of invisibility
 P - 2 potions of flight
 Q - a potion of heal wounds
 R - a potion of brilliance
Miscellaneous
 q - 2 phantom mirrors
 O - 3 tins of tremorstones
Comestibles
 d - 51 rations


   Skills:
 + Level 12.1 Fighting
 - Level 23.5 Throwing
 - Level 23.0 Armour
 - Level 10.0 Dodging
 - Level 20.8 Shields
 + Level 25.7 Unarmed Combat
 * Level 13.6 Invocations


You had 26 spell levels left.
You didn't know any spells.
Your spell library contained the following spells:

 Spells                   Type           Power        Failure   Level  Hunger
 Animate Skeleton         Necr           N/A          82%         1    ##.....
 Apportation              Tloc           #.....       82%         1    ##.....
 Beastly Appendage        Tmut           #.....       82%         1    ##.....
 Corona                   Hex            #......      82%         1    ##.....
 Foxfire                  Conj/Fire      #...         82%         1    ##.....
 Magic Dart               Conj           #...         82%         1    ##.....
 Pain                     Necr           #...         82%         1    ##.....
 Shock                    Conj/Air       #...         82%         1    ##.....
 Sting                    Tmut/Pois      #...         82%         1    ##.....
 Summon Butterflies       Summ           #.......     82%         1    ##.....
 Summon Small Mammal      Summ           #...         82%         1    ##.....
 Corpse Rot               Necr/Air       N/A          91%         2    ###....
 Ensorcelled Hibernation  Hex/Ice        #.....       91%         2    ###....
 Passwall                 Tmut/Erth      #.......     91%         2    ###....
 Poisonous Vapours        Pois/Air       #.....       91%         2    ###....
 Searing Ray              Conj           #.....       91%         2    ###....
 Sticks to Snakes         Tmut           #.......     91%         2    ###....
 Sublimation of Blood     Necr           #.........   91%         2    ###....
 Swiftness                Chrm/Air       #.......     91%         2    ###....
 Call Canine Familiar     Summ           #.......     99%         3    ####...
 Confusing Touch          Hex            #.......     99%         3    ####...
 Conjure Flame            Conj/Fire      #.......     99%         3    ####...
 Dazzling Flash           Conj/Hex       #.....       99%         3    ####...
 Gell's Gravitas          Tloc           #.........   99%         3    ####...
 Ignite Poison            Fire/Tmut/Pois #.......     99%         3    ####...
 Inner Flame              Hex/Fire       #.......     99%         3    ####...
 Mephitic Cloud           Conj/Pois/Air  #.......     99%         3    ####...
 Recall                   Summ/Tloc      N/A          99%         3    ####...
 Spider Form              Tmut/Pois      #.........   99%         3    ####...
 Static Discharge         Conj/Air       #.......     99%         3    ####...
 Summon Guardian Golem    Hex/Summ       #.......     99%         3    ####...
 Tukima's Dance           Hex            #.......     99%         3    ####...
 Vampiric Draining        Necr           #.........   99%         3    ####...
 Airstrike                Air            #.........   100%        4    #####..
 Animate Dead             Necr           N/A          100%        4    #####..
 Cause Fear               Hex            #.........   100%        4    #####..
 Dispel Undead            Necr           #.......     100%        4    #####..
 Fulminant Prism          Conj/Hex       #.........   100%        4    #####..
 Ice Form                 Ice/Tmut       #.......     100%        4    #####..
 Iskenderun's Mystic Bla  Conj/Tloc      #.......     100%        4    #####..
 Olgreb's Toxic Radiance  Pois           #.......     100%        4    #####..
 Passage of Golubria      Tloc           N/A          100%        4    #####..
 Petrify                  Tmut/Erth      #.......     100%        4    #####..
 Sticky Flame             Conj/Fire      #.......     100%        4    #####..
 Summon Ice Beast         Ice/Summ       #.......     100%        4    #####..
 Agony                    Necr           #.......     100%        5    ######.
 Alistair's Intoxication  Tmut/Pois      #.......     100%        5    ######.
 Aura of Abjuration       Summ           #.........   100%        5    ######.
 Blade Hands              Tmut           #.........   100%        5    ######.
 Bolt of Magma            Conj/Fire/Erth #.........   100%        5    ######.
 Borgnjor's Vile Clutch   Necr/Erth      #.........   100%        5    ######.
 Excruciating Wounds      Chrm/Necr      #.........   100%        5    ######.
 Fireball                 Conj/Fire      #.........   100%        5    ######.
 Irradiate                Conj/Tmut      #.........   100%        5    ######.
 Iskenderun's Battlesphe  Conj/Chrm      #.......     100%        5    ######.
 Lee's Rapid Deconstruct  Erth           #.........   100%        5    ######.
 Lightning Bolt           Conj/Air       #.........   100%        5    ######.
 Metabolic Englaciation   Hex/Ice        #.........   100%        5    ######.
 Summon Demon             Summ           #.........   100%        5    ######.
 Summon Forest            Summ/Tloc      #.........   100%        5    ######.
 Summon Mana Viper        Hex/Summ       #.......     100%        5    ######.
 Yara's Violent Unravell  Hex/Tmut       #.........   100%        5    ######.
 Darkness                 Hex            #.........   100%        6    #######
 Death Channel            Necr           #.........   100%        6    #######
 Eringya's Noxious Bog    Tmut/Pois      #.........   100%        6    #######
 Freezing Cloud           Conj/Ice/Air   #.........   100%        6    #######
 Hydra Form               Tmut           #.........   100%        6    #######
 Invisibility             Hex            #.......     100%        6    #######
 Iron Shot                Conj/Erth      #.........   100%        6    #######
 Shadow Creatures         Summ           N/A          100%        6    #######
 Simulacrum               Ice/Necr       #.........   100%        6    #######
 Starburst                Conj/Fire      #.........   100%        6    #######
 Statue Form              Tmut/Erth      #........    100%        6    #######
 Dragon Form              Tmut           #.........   100%        7    #######
 Haunt                    Necr/Summ      #.........   100%        7    #######
 Orb of Destruction       Conj           #.........   100%        7    #######
 Ring of Flames           Chrm/Fire      #.........   100%        7    #######
 Spellforged Servitor     Conj/Summ      #.........   100%        7    #######
 Summon Hydra             Summ           #.........   100%        7    #######
 Borgnjor's Revivificati  Necr           #.........   100%        8    #######
 Death's Door             Chrm/Necr      #.........   100%        8    #######
 Infestation              Necr           #.........   100%        8    #######
 Necromutation            Tmut/Necr      #.........   100%        8    #######


Dungeon Overview and Level Annotations

Branches:
Dungeon (15/15)            Temple (0/1) D:5            Lair (6/6) D:10
 Shoals (4/4) Lair:4        Snake (4/4) Lair:2        Slime (5/5) Lair:5
    Orc (2/2) D:12            Elf (3/3) Orc:2        Vaults (5/5) D:14
  Crypt (3/3) Vaults:3       Tomb (0/3) Crypt:3      Depths (5/5) D:15
   Hell (visited)             Dis (7/7) Hell            Geh (7/7) Hell
    Coc (0/7) Hell            Tar (7/7) Hell            Zot (0/5) Depths:5
  IceCv (visited)

Altars:
Ashenzari
Cheibriados
Dithmenos
Gozag
Kikubaaqudgha
Nemelex Xobeh
Okawaru
Sif Muna
Trog
Uskayaw
Vehumet
Wu Jian
Xom
Yredelemnul
Zin
The Shining One
Beogh
Jiyva

Shops:
D:5 =   Orc:2 ([[*   Elf:1 ?=?*[   Elf:2 [   Elf:3 ?   Snake:1 ?   Snake:2 =}(
Snake:3 }   Vaults:2 !   Depths:1 =   Depths:3 [[%[?   Depths:4 %

Portals:
Hell: Depths:1 Depths:2 Depths:3 Depths:4 Depths:5
Abyss: Depths:1 Depths:4 Depths:5
Pandemonium: Depths:3 Depths:4
Ziggurat: Depths:2
Trove: Elf:3 (give +3 gold dragon scales)

Annotations:
Lair:1 exclusion: oklob plant
Snake:4 Donald
Elf:1 1 runed translucent door, Lugonue's ghost, journeyman MiGl
Crypt:1 2 transporters, exclusion: obsidian statue


Innate Abilities, Weirdness & Mutations

You are too large for most types of armour.
You have claws for hands.
Your metabolism is lightning-fast.
You like to eat raw meat.
Your natural rate of healing is unusually fast.
You are covered in fur. (AC +1)
You have extremely tough skin. (AC +3)


Message History

A hellion comes into view.
The lich gestures at you while chanting.
The bolt of fire hits you! You resist.
* * * LOW HITPOINT WARNING * * *
Unknown command.
Quiver which item? (- for none, * to show all) (? for menu, Esc to quit)
Quivering
D - 23 silver javelins for throwing.
Throwing (i - inventory. (/) - cycle)
D - 23 silver javelins (quivered)
Press: ? - help, Shift-Dir - straight line, f - hellion, p - lich
Aim: a hellion You throw a silver javelin.
The silver javelin closely misses the lich.
The silver javelin pierces through the hellion!!
The hellion is almost dead.
The hellion gestures at you.
The sphere of damnation explodes!
The damnation engulfs you!!
* * * LOW HITPOINT WARNING * * *
The lich casts a spell at you. The bolt of fire hits you!! You resist.
You die...

§§≈§≈≈≈....#*,,,,,,*#.§§≈≈§≈≈§§≈≈
≈≈§§§≈≈≈...#*,,,,,,*#..≈§≈§§§§≈§§
§≈≈§§≈≈§.###*+******##..§≈≈§§§§≈§
≈≈≈§≈§≈§.****'######*#...§§§§§≈≈≈
≈≈≈≈§§§§.**,,..(1...*#§.§§§..≈≈§§
≈≈≈,^,,,,**,,.1.....###.......≈≈§
≈,,,,,,,,**,,....4...##.........≈
≈,,,,,##############(#########.§§
,,,≈≈,#.)......)@).(L(#,,,,,,#.).
,,≈≈≈,#'#############2#,,,,,,#...
,,≈≈,,#.............#.#,,,,,,#...
,,,,,,#.............#2',,,,,,#...
,,,,,,#.......).....#'##*****#...
,,#################'#.},,,,,,#...
,,#....#.)........).#.$,,,,,,#...
,,#....'..†)....)...#,,,,,,,,#...
,,#....##############,,,,,,,,#...


You could see a lich and a hellion.

Vanquished Creatures
  the Royal Jelly (Slime:5)
  Ereshkigal (Tar:7)
  Dispater (Dis:7)
  Mara (Vaults:5)
  5 ancient liches
  2 juggernauts
  Sojobo (Depths:2)
  A greater mummy (Crypt:3)
  Boris (thrice) (Vaults:5 Depths:5 Crypt:3)
  Vashnia (Snake:3)
  6 caustic shrikes (Depths:5)
  Geryon (Hell)
  4 golden dragons
  4 bone dragons
  12 Tzitzimimeh
  13 Brimstone Fiends
  5 iron giants (Dis:7)
  4 doom hounds
  2 Ice Fiends (Dis:7)
  8 tentacled monstrosities
  5 Hell Sentinels (Dis:7)
  31 large abominations
  19 liches
  12 titans
  3 quicksilver dragons
  23 acid blobs
  7 deep elf blademasters
  5 deep elf master archers
  3 Executioners
  7 sphinxes
  10 tentacled starspawn
  2 eldritch tentacles
  6 storm dragons
  Roxanne (Elf:2)
  23 ancient champions
  5 revenants
  25 shadow dragons
  2 nagarajas
  6 tengu reavers
  6 azure jellies (Slime:5)
  Louise (Depths:4)
  30 fire giants
  10 deep elf sorcerers
  A draconian scorcher (Dis:6)
  24 frost giants
  2 curse skulls
  3 iron dragons
  18 vault wardens
  A draconian shifter (Abyss:5)
  Aizul (Snake:3)
  9 balrugs
  26 ironheart preservers
  An orc warlord (Orc:1)
  2 cacodemons (Dis:7)
  4 deep elf elementalists
  4 spriggan defenders
  2 angels
  32 very ugly things
  2 draconian annihilators
  5 ghouls
  12 war gargoyles
  38 stone giants
  2 ophanim (Abyss:5)
  39 reapers
  2 green draconians
  Nessos (D:13)
  12 vampire knights
  5 white draconians
  3 black draconians
  7 deep elf annihilators
  6 deep elf demonologists (Elf:3)
  2 lorocyprocas
  5 purple draconians
  6 red draconians
  A yellow draconian (Dis:6)
  7 spark wasps
  15 ettins
  3 quicksilver dragon zombies
  2 green deaths
  5 blizzard demons
  13 deep elf death magi
  7 eidola
  8 death oozes
  2 merfolk javelineers (Shoals:4)
  8 merfolk impalers
  8 fire dragons
  16 jiangshi
  7 rakshasas
  5 deep elf high priests
  20 yaktaur captains
  19 great orbs of eyes
  A ghost crab (Tar:6)
  6 hydras
  53 vault guards
  8 ice dragons
  2 spriggan air magi (Depths:3)
  8 naga warriors
  2 monstrous demonspawn
  8 anacondas
  Fannar (Orc:1)
  3 quicksilver dragon skeletons
  4 catoblepae
  2 merfolk avatars
  3 merfolk aquamancers
  4 death knights
  35 dancing weapons
  14 deep troll earth magi
  4 tengu warriors
  13 centaur warriors
  59 two-headed ogres
  A satyr (Shoals:4)
  18 ogre magi
  6 death yaks (Lair:6)
  9 deep troll shamans
  14 vampire magi
  3 titan zombies
  9 naga sharpshooters
  3 spriggan berserkers
  37 hell hogs
  2 storm dragon zombies
  6 shock serpents
  19 thrashing horrors
  7 sun demons
  An iron golem (Hell)
  35 deep elf knights
  8 iron trolls
  10 titan skeletons
  41 hell knights
  21 shadow wraiths
  25 soul eaters
  10 wretched stars
  4 sixfirhies
  A storm dragon skeleton (Crypt:1)
  A fire crab (shapeshifter) (Vaults:4)
  5 golden dragon zombies
  74 skeletal warriors
  4 spatial maelstroms
  A cherub (Abyss:5)
  2 infernal demonspawn (Depths:3)
  28 deep trolls
  18 shadow demons
  5 sea snakes (Shoals:4)
  A sea snake (shapeshifter) (Vaults:5)
  A ghost moth zombie (Tar:2)
  49 starcursed masses
  3 shadow dragon zombies
  A kraken simulacrum (Hell)
  7 unseen horrors
  6 glowing orange brains
  2 anaconda zombies
  15 flayed ghosts
  A gelid demonspawn (Depths:4)
  4 iron dragon zombies
  6 wizards
  3 naga ritualists
  18 phantasmal warriors
  10 orc knights
  18 deep elf archers
  3 wolf spider zombies
  19 necromancers
  22 ironbrand convokers
  2 mana vipers (shapeshifter)
  A lindwurm (Lair:5)
  A golden dragon skeleton (Geh:6)
  6 harpies
  12 orc sorcerers
  2 shining eyes
  8 fire giant zombies
  2 wolf spiders
  4 frost giant zombies
  47 ugly things
  8 salamanders
  70 deep elf magi
  6 mana vipers
  2 iron dragon skeletons
  5 stone giant zombies
  7 cyclopes
  17 manticores
  2 shadow dragon skeletons (Geh:6)
  5 worldbinders
  A cyclops (shapeshifter) (Vaults:3)
  9 elephants (Lair:5)
  5 frost giant skeletons
  4 merfolk sirens
  3 stone giant skeletons
  A black mamba (shapeshifter) (Vaults:2)
  25 vault sentinels
  36 rust devils
  15 naga magi
  15 smoke demons
  An apocalypse crab (Abyss:4)
  A guardian serpent (Snake:4)
  4 ice statues
  A shock serpent zombie (Dis:7)
  15 black mambas
  An eye of devastation (shapeshifter) (Vaults:5)
  Joseph (D:9)
  An elephant (shapeshifter) (Depths:4)
  A titan simulacrum (Abyss:5)
  4 eyes of devastation
  3 gargoyles
  2 orange demons
  5 dire elephant zombies
  A spriggan skeleton (D:15)
  Maggie (Lair:1)
  5 fire giant skeletons
  4 water nymphs
  2 spiny frogs (shapeshifter)
  15 molten gargoyles
  7 spiny frogs
  A storm dragon simulacrum (Vaults:3)
  3 centaur skeletons
  22 hellions
  A death yak zombie (Crypt:3)
  A rime drake (Lair:2)
  2 dire elephant skeletons
  59 yaktaurs
  26 tormentors
  5 komodo dragons
  A hellwing (Abyss:3)
  A kobold demonologist (Abyss:2)
  A shock serpent skeleton (Geh:6)
  18 freezing wraiths
  A komodo dragon (shapeshifter) (Vaults:2)
  3 emperor scorpion zombies
  6 efreet
  A minotaur zombie (Tar:7)
  20 ice devils
  A yaktaur skeleton (Vaults:2)
  A yaktaur zombie (D:15)
  A redback zombie (D:15)
  6 silent spectres
  A harpy zombie (D:15)
  2 human skeletons
  A meliai (shapeshifter) (D:14)
  8 hydra zombies
  A queen bee (shapeshifter) (D:13)
  4 tengu conjurers
  3 polar bears
  A jumping spider (shapeshifter) (D:14)
  4 ancient zymes
  3 meliai (D:14)
  7 trolls
  9 merfolk
  27 blink frogs
  19 red devils
  6 snapping turtles
  3 hydra skeletons
  13 hornets
  3 alligator zombies
  A bog body (Crypt:1)
  10 dream sheep
  5 fire dragon zombies
  An ice dragon zombie (Tar:7)
  94 slime creatures
  27 raiju
  12 hippogriffs
  8 ettin zombies
  6 alligator skeletons
  A redback (shapeshifter) (Vaults:4)
  33 wraiths
  2 air elementals
  9 spriggans
  6 ettin skeletons
  4 fire dragon skeletons
  66 flying skulls
  38 yaks
  A spriggan (shapeshifter) (Depths:1)
  2 ice dragon skeletons
  6 vampires (Crypt:3)
  A tyrant leech zombie (Crypt:1)
  8 ynoxinuls
  3 black mamba zombies
  11 water elementals
  2 basilisks (shapeshifter)
  2 yaks (shapeshifter)
  18 shadows
  A hog (shapeshifter) (Vaults:2)
  3 hungry ghosts
  4 fire bats (Depths:2)
  2 basilisks
  14 vampire mosquitoes
  5 chaos spawn
  2 wyverns
  2 black mamba skeletons
  7 golden eyes
  A human (shapeshifter) (Abyss:5)
  8 neqoxecs
  28 fire elementals
  5 spatial vortices
  9 wargs
  36 nagas
  A deep troll zombie (Crypt:3)
  Edmund (D:4)
  29 hell hounds
  2 acid dragons
  6 porcupines
  A torturous demonspawn skeleton (Tar:7)
  15 water moccasins
  4 spiny frog zombies
  A deep troll skeleton (Crypt:3)
  34 small abominations
  An ettin simulacrum (Vaults:2)
  33 orc warriors
  5 black bears
  2 ice beasts
  6 sky beasts
  2 human zombies
  4 spiny frog skeletons
  2 snapping turtle zombies
  3 swamp dragon zombies
  2 snapping turtle skeletons
  21 necrophages
  8 eyes of draining
  5 manticore zombies
  33 ogres
  6 boggarts
  A hog zombie (Crypt:3)
  10 phantoms
  11 wolves
  31 centaurs
  An elephant skeleton (Crypt:3)
  2 manticore skeletons
  A dream sheep skeleton (Crypt:1)
  15 crocodiles
  An elf zombie (Dis:7)
  A big kobold (D:7)
  A rime drake skeleton (Crypt:3)
  An octopode zombie (Crypt:3)
  14 bullfrogs
  A gnoll sergeant (D:8)
  4 earth elementals
  An elf skeleton (Crypt:2)
  5 scorpions
  A troll zombie (Crypt:2)
  57 wights
  A snapping turtle simulacrum (Crypt:1)
  A troll skeleton (Tar:7)
  13 killer bees
  An electric eel (Snake:1)
  10 crimson imps
  5 centaur zombies
  4 howler monkeys
  4 jellies
  4 quasits
  2 yaktaur simulacra
  4 bullfrog zombies
  3 bullfrog skeletons
  5 hounds
  18 orc priests
  28 iron imps
  46 orc wizards
  A basilisk skeleton (Crypt:1)
  A gnoll shaman (D:8)
  5 iguanas
  A porcupine zombie (Crypt:1)
  12 hell rats
  14 worker ants
  A killer bee zombie (D:10)
  A hound zombie (D:9)
  5 mummies
  6 gnolls
  4 worker ant zombies
  8 adders
  2 howler monkey skeletons
  A steam dragon zombie (Crypt:1)
  11 shadow imps
  5 white imps
  13 ufetubi
  3 oozes
  An adder zombie (D:6)
  5 worms
  A barachi skeleton (Crypt:2)
  4 dart slugs
  4 leopard geckos
  147 orcs
  2 ball pythons
  8 bats
  5 giant cockroaches
  7 hobgoblins
  7 quokkas
  A river rat zombie (Crypt:1)
  6 frilled lizards
  15 goblins
  8 kobolds
  A kobold zombie (Dis:7)
  2 quokka skeletons
  A quokka zombie (D:6)
  8 rats
  4 crawling corpses (Vaults:5)
  A fungus (Lair:1)
  2 lurking horrors
  3 pillars of salt
  2 starspawn tentacles (Abyss:2)
  2 tentacles (Hell)
3660 creatures vanquished.

Vanquished Creatures (collateral kills)
  An acid blob (Slime:5)
  A vault guard (Vaults:5)
  A hell knight (Dis:7)
  4 slime creatures (Slime:5)
7 creatures vanquished.

Vanquished Creatures (others)
  2 deep elf master archers
  A tengu reaver (Depths:2)
  2 stone giants
  A black draconian (Depths:5)
  A deep elf high priest (Elf:2)
  3 yaktaur captains
  2 centaur warriors
  A tengu warrior (Depths:5)
  A hell hog (Geh:2)
  3 deep elf knights
  A cherub (Abyss:5)
  An unseen horror (Vaults:1)
  2 deep elf archers
  2 deep elf magi (Elf:2)
  2 large abominations
  A cyclops (Vaults:2)
  12 yaktaurs
  A merfolk (Shoals:4)
  A wraith (Geh:6)
  A shadow (Geh:2)
  A vampire (D:13)
  A hell hound (Geh:7)
  A soldier ant (D:8)
  A sky beast (Abyss:1)
  A black bear (D:8)
  A necrophage (Geh:4)
  An ogre (D:8)
  4 centaurs
  A scorpion (D:8)
  A spriggan skeleton (Abyss:3)
  A wight (Geh:1)
  3 small abominations (Abyss:3)
  A starcursed mass (Abyss:3)
  An iron imp (Dis:7)
  2 orc wizards (Orc:2)
  A hell rat (Hell)
  A shadow imp (Tar:3)
  3 white imps (IceCv)
  4 ufetubi (IceCv)
  A leopard gecko (D:8)
  An orc (Vaults:2)
  A bush (Lair:4)
  A fungus (Lair:4)
  A lurking horror (Abyss:3)
  21 pillars of salt
  4 plants
  10 starspawn tentacles
  3 tentacles (Hell)
  27 withered plants
141 creatures vanquished.

Grand Total: 3808 creatures vanquished

Notes
Turn   | Place    | Note
-------+----------+-------------------------------------------
     0 | D:1      | Lugonue the Troll Fighter began the quest for the Orb.
     0 | D:1      | Reached XP level 1. HP: 22/22 MP: 0/0
   149 | D:1      | Reached XP level 2. HP: 29/29 MP: 1/1
   552 | D:2      | Reached XP level 3. HP: 36/36 MP: 2/2
   583 | D:2      | Found an iron altar of Okawaru.
   619 | D:2      | Reached skill level 3 in Unarmed Combat
   619 | D:2      | Reached XP level 4. HP: 35/44 MP: 3/3
   672 | D:2      | Found a shattered altar of Ashenzari.
   681 | D:2      | Reached XP level 5. HP: 45/52 MP: 4/4
   841 | D:2      | Found an ancient bone altar of Kikubaaqudgha.
  1177 | D:3      | Reached skill level 4 in Unarmed Combat
  1417 | D:2      | Became a worshipper of Warmaster Okawaru
  2004 | D:4      | Reached XP level 6. HP: 54/61 MP: 5/5
  2218 | D:4      | Reached skill level 5 in Unarmed Combat
  2236 | D:4      | Noticed Edmund
  2249 | D:4      | Killed Edmund
  2249 | D:4      | Reached skill level 1 in Throwing
  2294 | D:4      | Reached * piety under Okawaru
  2294 | D:4      | Reached XP level 7. HP: 67/67 MP: 6/6
  2347 | D:4      | Reached skill level 6 in Unarmed Combat
  2622 | D:5      | Entered Level 5 of the Dungeon
  2672 | D:5      | Found a staircase to the Ecumenical Temple.
  2719 | D:5      | Found a hide-covered altar of Uskayaw.
  3185 | D:5      | Found Upaiqaeg's Jewellery Shop.
  3324 | D:5      | Found a bloodstained altar of Trog.
  3325 | D:5      | Found a sparkling altar of Nemelex Xobeh.
  3393 | D:5      | Reached skill level 7 in Unarmed Combat
  3393 | D:5      | Reached XP level 8. HP: 69/75 MP: 7/7
  3460 | D:6      | Reached ** piety under Okawaru
  3854 | D:6      | Reached skill level 8 in Unarmed Combat
  3878 | D:6      | Reached skill level 5 in Shields
  4097 | D:6      | Reached *** piety under Okawaru
  4347 | D:6      | Found a shimmering blue altar of Sif Muna.
  4374 | D:6      | Found an opulent altar of Gozag.
  4499 | D:7      | Reached XP level 9. HP: 82/84 MP: 8/8
  4522 | D:7      | Reached skill level 9 in Unarmed Combat
  4791 | D:7      | Found an ornate altar of the Wu Jian Council.
  4799 | D:7      | Found a shattered altar of Ashenzari.
  5010 | D:7      | Found a snail-covered altar of Cheibriados.
  5199 | D:8      | Found a radiant altar of Vehumet.
  5301 | D:8      | Reached **** piety under Okawaru
  5301 | D:8      | Reached skill level 10 in Unarmed Combat
  5387 | D:8      | Reached skill level 5 in Throwing
  5431 | D:8      | Found a shadowy altar of Dithmenos.
  5432 | D:8      | Found a glowing golden altar of the Shining One.
  5731 | D:8      | Reached XP level 10. HP: 92/92 MP: 9/9
  5885 | D:8      | Found a shimmering altar of Xom.
  6065 | D:9      | Noticed a two-headed ogre
  6076 | D:9      | Killed a two-headed ogre
  6076 | D:9      | Reached ***** piety under Okawaru
  6158 | D:9      | Reached skill level 11 in Unarmed Combat
  6219 | D:9      | Noticed a two-headed ogre
  6227 | D:9      | Killed a two-headed ogre
  6268 | D:9      | Noticed Joseph
  6421 | D:9      | Killed Joseph
  6433 | D:9      | Received a gift from Okawaru
  6953 | D:9      | Gained mutation: You are partially covered in rugged brown
                  | scales. (AC +1, +3% HP) [potion of mutation]
  6953 | D:9      | Gained mutation: You have large cloven feet. [potion of
                  | mutation]
  6953 | D:9      | Gained mutation: You are resistant to hostile enchantments.
                  | (MR+) [potion of mutation]
  6957 | D:10     | Entered Level 10 of the Dungeon
  7094 | D:10     | Got a sparkling ivory ring
  7350 | D:10     | Found a staircase to the Lair.
  7490 | D:10     | Reached XP level 11. HP: 91/104 MP: 10/10
  7546 | Lair:1   | Entered Level 1 of the Lair of Beasts
  7632 | Lair:1   | Noticed an oklob plant
  7795 | D:11     | Reached skill level 12 in Unarmed Combat
  7808 | D:11     | Noticed a two-headed ogre
  7818 | D:11     | Killed a two-headed ogre
  7818 | D:11     | Received a gift from Okawaru
  8190 | D:11     | Reached skill level 1 in Armour
  8195 | D:11     | Reached ****** piety under Okawaru
  8228 | D:11     | Noticed a green ugly thing
  8238 | D:11     | Received a gift from Okawaru
  8251 | D:11     | Killed a green ugly thing
  8345 | D:11     | Received a gift from Okawaru
  8555 | D:12     | Noticed a purple ugly thing
  8574 | D:12     | Killed a purple ugly thing
  8596 | D:12     | Reached skill level 13 in Unarmed Combat
  8943 | D:12     | Noticed a death knight
  8943 | D:12     | Noticed a skeletal warrior
  8957 | D:12     | Killed a death knight
  8957 | D:12     | Received a gift from Okawaru
  8957 | D:12     | Reached XP level 12. HP: 113/113 MP: 8/11
  8975 | D:12     | Noticed a two-headed ogre
  8981 | D:12     | Killed a two-headed ogre
  9023 | D:12     | Received a gift from Okawaru
  9282 | D:12     | Found a staircase to the Orcish Mines.
  9426 | D:13     | Reached skill level 5 in Fighting
  9426 | D:13     | Reached skill level 14 in Unarmed Combat
  9476 | D:13     | Noticed a five-headed hydra
  9533 | D:14     | Noticed a two-headed ogre
  9534 | D:14     | Noticed a five-headed hydra
  9553 | D:13     | Noticed a two-headed ogre
  9566 | D:13     | Killed a two-headed ogre
  9566 | D:13     | Received a gift from Okawaru
  9574 | D:13     | Killed a five-headed hydra
  9650 | D:13     | Noticed Nessos
  9661 | D:13     | Killed Nessos
  9876 | D:13     | Noticed a centaur warrior
  9878 | D:13     | Killed a centaur warrior
  9939 | D:13     | Noticed a centaur warrior
  9941 | D:13     | Killed a centaur warrior
 10335 | D:14     | Noticed a death knight
 10361 | D:13     | Reached XP level 13. HP: 121/121 MP: 12/12
 10706 | Lair:1   | Noticed Maggie
 10714 | Lair:1   | Killed Maggie
 10740 | Lair:1   | Identified the ring "Onue" {Fire rN+ Str+7 Int-3} (You
                  | found it on level 10 of the Dungeon)
 10888 | Lair:1   | You fall into a shaft and drop 1 floor!
 10992 | Lair:2   | Found a sparkling altar of Nemelex Xobeh.
 11053 | Lair:2   | Found a staircase to the Snake Pit.
 11158 | Lair:2   | Received a gift from Okawaru
 11251 | Lair:2   | Reached skill level 15 in Unarmed Combat
 11320 | Lair:2   | Found a frozen archway.
 11986 | Lair:3   | You fall into a shaft and drop 1 floor!
 12006 | Lair:4   | Found a staircase to the Shoals.
 12084 | Lair:4   | Reached skill level 10 in Shields
 12192 | Lair:4   | Received a gift from Okawaru
 12195 | Lair:4   | Got a distressingly furry kite shield {god gift}
 12208 | Lair:4   | Identified the +0 kite shield "Sifunk" {Str+2 Int+3}
                  | (Okawaru gifted it to you on level 4 of the Lair of Beasts)
 12800 | Lair:5   | Found a frozen archway.
 12895 | IceCv    | Entered an ice cave
 13244 | IceCv    | Noticed a reaper
 13249 | IceCv    | Killed a reaper
 13611 | Lair:5   | Received a gift from Okawaru
 13634 | Lair:5   | Reached skill level 16 in Unarmed Combat
 13634 | Lair:5   | Reached XP level 14. HP: 106/130 MP: 13/13
 13653 | Lair:5   | Received a gift from Okawaru
 13656 | Lair:5   | Got a bloodstained cloak {god gift}
 13667 | Lair:5   | Identified the -7 cloak "Muoroloh" {+Fly rElec Dex+3}
                  | (Okawaru gifted it to you on level 5 of the Lair of Beasts)
 13904 | Lair:5   | Found a runed translucent door.
 13905 | Lair:5   | Found a viscous altar of Jiyva.
 13907 | Lair:5   | Found a staircase to the Slime Pits.
 14095 | Lair:6   | Entered Level 6 of the Lair of Beasts
 15701 | Lair:1   | Found a snail-covered altar of Cheibriados.
 15986 | Orc:1    | Entered Level 1 of the Orcish Mines
 16109 | Orc:2    | Entered Level 2 of the Orcish Mines
 16264 | Orc:2    | Reached skill level 17 in Unarmed Combat
 16368 | Orc:2    | Received a gift from Okawaru
 16368 | Orc:2    | Reached skill level 10 in Throwing
 16369 | Orc:2    | Got a heavily runed animal skin {god gift}
 16383 | Orc:2    | Identified the +0 animal skin of Luoqic {rElec MP+9 Dex+5
                  | Stlth+} (Okawaru gifted it to you on level 2 of the Orcish
                  | Mines)
 16497 | Orc:2    | Paralysed by an orc sorcerer for 5 turns
 16564 | Orc:1    | Reached skill level 5 in Dodging
 16607 | Orc:1    | Paralysed by an orc sorcerer for 2 turns
 16689 | Orc:1    | Noticed an orc warlord
 16740 | Orc:1    | Killed an orc warlord
 16756 | Orc:1    | Noticed Fannar
 16762 | Orc:1    | Killed Fannar
 17148 | Orc:2    | Reached XP level 15. HP: 140/140 MP: 11/14
 17375 | Orc:2    | Found a staircase to the Elven Halls.
 17561 | Orc:2    | Found Laitzic's Antique Weapon Boutique.
 17561 | Orc:2    | Found Tisi's Armour Emporium.
 17574 | Orc:2    | Bought a scarf of cloud immunity for 112 gold pieces
 17584 | Orc:2    | Found a roughly hewn altar of Beogh.
 17659 | Orc:2    | Found Moapik's Assorted Antiques.
 17659 | Orc:2    | Found Xome's Antique Armour Boutique.
 17668 | Orc:2    | Bought a glowing cloak for 172 gold pieces
 17679 | Orc:2    | Bought an embroidered scarf for 184 gold pieces
 17688 | Orc:2    | Bought a scroll of enchant armour for 172 gold pieces
 17688 | Orc:2    | Bought a scroll labeled GIESHR OBLEA for 23 gold pieces
 17688 | Orc:2    | Bought a scroll of blinking for 172 gold pieces
 17688 | Orc:2    | Bought a potion of curing for 69 gold pieces
 17688 | Orc:2    | Identified the +0 hat of Starshine {rC+ Str+3} (You
                  | acquired it on level 2 of the Orcish Mines)
 18270 | D:14     | Received a gift from Okawaru
 18275 | D:14     | Got a smoking robe {god gift}
 18276 | D:14     | Identified the +1 robe of Spite {Str+3 Int+2} (Okawaru
                  | gifted it to you on level 14 of the Dungeon)
 18442 | D:14     | Found a gate to the Vaults.
 18845 | D:15     | Entered Level 15 of the Dungeon
 18902 | D:15     | Reached skill level 18 in Unarmed Combat
 19075 | D:15     | Found a glowing silver altar of Zin.
 19346 | D:15     | Found a staircase to the Depths.
 19380 | D:15     | Received a gift from Okawaru
 19469 | Depths:1 | Entered Level 1 of the Depths
 19469 | Depths:1 | Found a gateway to Hell.
 19540 | Depths:1 | Reached XP level 16. HP: 138/148 MP: 12/15
 19729 | D:15     | Received a gift from Okawaru
 19745 | D:15     | Got ancient shadow dragon scales {god gift}
 19762 | D:15     | Identified the +8 shadow dragon scales "Goecsudu" {rN+
                  | Regen+ Dex-5 SInv Stlth++++} (Okawaru gifted it to you on
                  | level 15 of the Dungeon)
 20132 | Depths:1 | Reached skill level 5 in Armour
 20464 | Elf:1    | Entered Level 1 of the Elven Halls
 20525 | Elf:1    | Found Eghitz's Assorted Antiques.
 20532 | Elf:1    | Bought a potion of heal wounds for 155 gold pieces
 20560 | Elf:1    | Found Booherax's Jewellery Shoppe.
 20568 | Elf:1    | Found a runed translucent door.
 20568 | Elf:1    | Noticed Lugonue's ghost (journeyman MiGl)
 20571 | Elf:1    | Bought a +2 amulet of reflection for 150 gold pieces
 20633 | Elf:1    | Found Xajiubin's Magic Scroll Shoppe.
 20673 | Elf:1    | Bought a scroll of teleportation for 48 gold pieces
 20673 | Elf:1    | Bought a scroll of teleportation for 48 gold pieces
 20963 | Elf:1    | Found Dyfasic's Antique Armour Shoppe.
 21051 | Elf:1    | Found Plog's Magic Scroll Shop.
 21603 | Elf:1    | Received a gift from Okawaru
 21795 | Elf:2    | Noticed Roxanne
 21899 | Elf:2    | Reached skill level 10 in Armour
 22114 | Elf:2    | Received a gift from Okawaru
 22144 | Elf:2    | Found a runed translucent gate.
 22164 | Elf:2    | Found a runed translucent gate.
 22164 | Elf:2    | Found a runed translucent gate.
 22200 | Elf:2    | Found Yvaeson's Antique Armour Emporium.
 22280 | Elf:2    | Reached XP level 17. HP: 125/156 MP: 13/16
 22524 | Elf:2    | Received a gift from Okawaru
 22832 | Elf:2    | Killed Roxanne
 22832 | Elf:2    | Received a gift from Okawaru
 22887 | Elf:3    | Entered Level 3 of the Elven Halls
 23023 | Elf:3    | Found Jamm's Magic Scroll Shop.
 23069 | Elf:3    | Bought a scroll of teleportation for 63 gold pieces
 23069 | Elf:3    | Bought a scroll of teleportation for 63 gold pieces
 23069 | Elf:3    | Bought 3 scrolls of blinking for 472 gold pieces
 23069 | Elf:3    | Bought a scroll of remove curse for 63 gold pieces
 23069 | Elf:3    | Bought a scroll of enchant armour for 157 gold pieces
 23180 | Elf:3    | Received a gift from Okawaru
 23565 | Elf:3    | Found a portal to a secret trove of treasure.
 23780 | Elf:3    | Noticed a deep elf blademaster
 23820 | Elf:3    | Received a gift from Okawaru
 23861 | Elf:3    | Noticed a deep elf blademaster
 23862 | Elf:3    | Noticed a deep elf master archer
 23887 | Elf:3    | Killed a deep elf blademaster
 23900 | Elf:3    | Killed a deep elf blademaster
 24078 | Elf:3    | Noticed a deep elf master archer
 24117 | Elf:3    | Received a gift from Okawaru
 24134 | Elf:3    | Cast into level 2 of the Abyss (a deep elf sorcerer)
 24391 | Abyss:2  | Gained mutation: You are clumsy. (Dex -2) [a neqoxec]
 24466 | Abyss:2  | Found a corrupted altar of Lugonu.
 24827 | Abyss:2  | Reached XP level 18. HP: 155/163 MP: 11/11
 25000 | Abyss:3  | Found a corrupted altar of Lugonu.
 25245 | Abyss:3  | Received a gift from Okawaru
 25299 | Abyss:3  | Reached skill level 15 in Armour
 25447 | Abyss:3  | Received a gift from Okawaru
 25551 | Abyss:3  | HP: 4/169 [spatial maelstrom (19)]
 25695 | Abyss:3  | Lost mutation: You are resistant to hostile enchantments.
                  | (MR+) [potion of mutation]
 25695 | Abyss:3  | Lost mutation: You are partially covered in rugged brown
                  | scales. (AC +1, +3% HP) [potion of mutation]
 25695 | Abyss:3  | Gained mutation: You have hoof-like feet. [potion of
                  | mutation]
 25695 | Abyss:3  | Gained mutation: You are partially covered in iridescent
                  | scales. (AC +2) [potion of mutation]
 25695 | Abyss:3  | Gained mutation: Your mind is acute. (Int +2) [potion of
                  | mutation]
 25696 | Abyss:3  | Lost mutation: You are clumsy. (Dex -2) [potion of
                  | mutation]
 25696 | Abyss:3  | Lost mutation: You have hoof-like feet. [potion of
                  | mutation]
 25696 | Abyss:3  | Gained mutation: You are partially covered in rugged brown
                  | scales. (AC +1, +3% HP) [potion of mutation]
 25696 | Abyss:3  | Gained mutation: You have a pair of small horns on your
                  | head. [potion of mutation]
 25936 | Abyss:3  | Received a gift from Okawaru
 25969 | Abyss:3  | Received a gift from Okawaru
 25993 | Abyss:3  | Got an ancient robe {god gift}
 26122 | Abyss:5  | Entered Level 5 of the Abyss
 26123 | Abyss:5  | Found a corrupted altar of Lugonu.
 26555 | Abyss:5  | Reached skill level 10 in Fighting
 26566 | Elf:3    | Escaped the Abyss
 26731 | Elf:3    | Identified the +10 dagger "Pyrow" {vorpal, rElec MR- Int-3
                  | Dex+6}
 26746 | Elf:3    | Reached XP level 19. HP: 171/187 MP: 18/18
 26772 | Elf:3    | Identified the cursed +0 glaive of Kos Nalo {pain, rPois
                  | rF+++ rN+ Int-3}
 26776 | Elf:3    | Received a gift from Okawaru
 26877 | Elf:3    | Got a steaming hand axe {god gift}
 26956 | Elf:3    | Identified the cursed +1 scale mail of Liberty {rN+ Str+2}
 27023 | Elf:3    | Identified the Disquisition on Captivating Poisoning
 27026 | Elf:3    | Identified the Disquisition on Glacial Battle Magic
 27088 | Elf:3    | Identified the +2 robe "Feitorph" {-Cast MR+ Int+2}
                  | (Okawaru gifted it to you on level 3 of the Abyss)
 27094 | Elf:3    | Identified the +5 hand axe "Unapim" {vorpal, Dex+3}
                  | (Okawaru gifted it to you on level 3 of the Elven Halls)
 27405 | Shoals:1 | Entered Level 1 of the Shoals
 27804 | Shoals:4 | Entered Level 4 of the Shoals
 28092 | Shoals:4 | Reached skill level 10 in Dodging
 28143 | Shoals:4 | Received a gift from Okawaru
 28168 | Shoals:4 | Got a barnacled rune of Zot
 28276 | Shoals:4 | Received a gift from Okawaru
 28288 | Shoals:4 | Got a glittering steel ring
 28293 | Shoals:4 | Identified the ring "Meipuett" {+Fly MR+ Str-2 Slay+6} (You
                  | found it on level 4 of the Shoals)
 28626 | Shoals:4 | Received a gift from Okawaru
 28857 | Snake:1  | Entered Level 1 of the Snake Pit
 29282 | Snake:1  | Found Fith's Magic Scroll Shop.
 29290 | Snake:1  | Bought a scroll of blinking for 135 gold pieces
 29290 | Snake:1  | Bought a scroll of teleportation for 54 gold pieces
 29882 | Snake:2  | Found Ruozok's Weapon Boutique.
 29943 | Snake:2  | Found Foucsimmiji's Jewellery Shop.
 29944 | Snake:2  | Found Sic Rattumn's Gadget Shoppe.
 29945 | Snake:2  | Found Xoiqoile's Jewellery Shop.
 29955 | Snake:2  | Bought a wand of clouds (5) for 378 gold pieces
 30405 | Snake:3  | Found Liofimn's Gadget Boutique.
 30456 | Snake:3  | Noticed Aizul
 30463 | Snake:3  | Killed Aizul
 30561 | Snake:3  | Noticed Vashnia
 30569 | Snake:3  | Killed Vashnia
 30569 | Snake:3  | Reached skill level 15 in Shields
 31127 | Snake:4  | Entered Level 4 of the Snake Pit
 31338 | Snake:4  | Reached XP level 20. HP: 196/196 MP: 19/19
 31467 | Snake:4  | Received a gift from Okawaru
 31988 | Snake:4  | Noticed Donald
 31994 | Snake:4  | Got a serpentine rune of Zot
 32228 | Vaults:1 | Entered Level 1 of the Vaults
 32621 | Vaults:1 | Received a gift from Okawaru
 32622 | Vaults:1 | Found the +4 skin of Zhor {Englaciate rC+++ SInv}
 33226 | Vaults:1 | Reached skill level 15 in Throwing
 33854 | Vaults:2 | Received a gift from Okawaru
 33891 | Vaults:2 | Paralysed by a wizard for 2 turns
 33921 | Vaults:2 | Reached XP level 21. HP: 41/203 MP: 18/20
 34033 | Vaults:2 | Received a gift from Okawaru
 34203 | Vaults:2 | Reached skill level 19 in Unarmed Combat
 34348 | Vaults:2 | Paralysed by a sphinx for 4 turns
 34458 | Vaults:2 | Found Ararealy's Distillery.
 34464 | Vaults:2 | Bought a potion of curing for 48 gold pieces
 34464 | Vaults:2 | Bought a potion of heal wounds for 80 gold pieces
 34464 | Vaults:2 | Bought a potion of heal wounds for 80 gold pieces
 34464 | Vaults:2 | Bought a potion of haste for 160 gold pieces
 35112 | Vaults:3 | Reached skill level 20 in Unarmed Combat
 35325 | Vaults:3 | Received a gift from Okawaru
 35472 | Vaults:3 | Received a gift from Okawaru
 35818 | Vaults:3 | Received a gift from Okawaru
 36286 | Vaults:3 | Found a staircase to the Crypt.
 36287 | Vaults:3 | Received a gift from Okawaru
 36317 | Vaults:3 | Reached skill level 21 in Unarmed Combat
 36328 | Vaults:3 | Reached XP level 22. HP: 167/212 MP: 21/21
 36345 | Vaults:3 | Received a gift from Okawaru
 36752 | Vaults:4 | Reached skill level 1 in Invocations
 37198 | Vaults:4 | Received a gift from Okawaru
 37305 | Vaults:4 | Got a glittering bronze amulet
 37307 | Vaults:4 | Identified the amulet of Sybucw {Acrobat rElec rN+ SInv}
                  | (You found it on level 4 of the Vaults)
 37890 | Slime:1  | Entered Level 1 of the Pits of Slime
 37954 | Slime:2  | Gained mutation: You are clumsy. (Dex -2) [a shining eye]
 37979 | Slime:1  | Received a gift from Okawaru
 38122 | Slime:2  | Received a gift from Okawaru
 38211 | Slime:3  | Received a gift from Okawaru
 38411 | Slime:4  | Received a gift from Okawaru
 38530 | Slime:5  | Entered Level 5 of the Pits of Slime
 38581 | Slime:5  | Received a gift from Okawaru
 38768 | Slime:5  | Received a gift from Okawaru
 38791 | Slime:5  | Found a viscous altar of Jiyva.
 38795 | Slime:5  | Noticed the Royal Jelly
 38805 | Slime:5  | Killed the Royal Jelly
 38805 | Slime:5  | Reached XP level 23. HP: 220/220 MP: 20/23
 38846 | Slime:5  | Found the +7 captain's cutlass {speed, disarm}
 38864 | Slime:5  | Got a slimy rune of Zot
 39413 | Vaults:5 | Entered Level 5 of the Vaults
 40430 | Vaults:5 | Received a gift from Okawaru
 40652 | Vaults:5 | Got a fine ruby amulet
 40659 | Vaults:5 | Identified the amulet "Qeyg" {MR+ Regen+} (You found it on
                  | level 5 of the Vaults)
 40921 | Vaults:5 | Received a gift from Okawaru
 40952 | Vaults:5 | Reached XP level 24. HP: 217/229 MP: 23/23
 40956 | Vaults:5 | Noticed Boris
 40967 | Vaults:5 | Received a gift from Okawaru
 40974 | Vaults:5 | Killed Boris
 40990 | Vaults:5 | Received a gift from Okawaru
 41675 | Vaults:5 | Noticed Mara
 41677 | Vaults:5 | Noticed Lugonue's illusion
 41723 | Vaults:5 | Got a silver rune of Zot
 41730 | Vaults:5 | Killed Mara
 42084 | Lair:1   | Lost mutation: You have large cloven feet. [potion of
                  | mutation]
 42084 | Lair:1   | Lost mutation: You have a pair of small horns on your head.
                  | [potion of mutation]
 42084 | Lair:1   | Lost mutation: You are partially covered in rugged brown
                  | scales. (AC +1, +3% HP) [potion of mutation]
 42084 | Lair:1   | Gained mutation: Your system is resistant to poisons.
                  | (rPois) [potion of mutation]
 42282 | Depths:1 | Received a gift from Okawaru
 42397 | Depths:1 | Found Qyeleucah's Jewellery Emporium.
 42818 | Depths:1 | Identified the Almanac of Fire
 43025 | Depths:1 | Found a one-way gate to the infinite horrors of the Abyss.
 43066 | Depths:2 | Noticed Sojobo
 43090 | Depths:2 | Received a gift from Okawaru
 43103 | Depths:2 | Killed Sojobo
 43174 | Depths:2 | Found a gateway to a ziggurat.
 43515 | Depths:2 | Received a gift from Okawaru
 43727 | Depths:2 | Reached XP level 25. HP: 230/230 MP: 23/23
 43824 | Depths:2 | Received a gift from Okawaru
 44441 | Depths:3 | Received a gift from Okawaru
 44477 | Depths:3 | Found Buahomav's Armour Boutique.
 44482 | Depths:3 | Found Zadeossa's Magic Scroll Boutique.
 44482 | Depths:3 | Found Egrioq's Armour Shop.
 44491 | Depths:3 | Found Kunuzadd's Food Shop.
 44495 | Depths:3 | Bought a scroll of enchant armour for 135 gold pieces
 44495 | Depths:3 | Bought a scroll of teleportation for 54 gold pieces
 44756 | Depths:3 | Found Guur's Armour Shop.
 44854 | Depths:3 | Received a gift from Okawaru
 45322 | Depths:3 | Found a one-way gate leading to the halls of Pandemonium.
 45721 | Depths:4 | Received a gift from Okawaru
 45734 | Depths:4 | Got an encrusted hat {god gift}
 45748 | Depths:4 | Identified the +0 hat of Hopscotch {Str+4 Int+5} (Okawaru
                  | gifted it to you on level 4 of the Depths)
 45752 | Depths:4 | Found the +6 Majin-Bo {vamp, Archmagi MP+6 Int+6}
 46085 | Depths:4 | Noticed Louise
 46094 | Depths:4 | Killed Louise
 46593 | Depths:4 | Found Netopurr's Food Emporium.
 46879 | Depths:5 | Entered Level 5 of the Depths
 47138 | Depths:5 | Noticed Boris
 47142 | Depths:5 | Noticed a juggernaut
 47157 | Depths:5 | Killed a juggernaut
 47157 | Depths:5 | Reached XP level 26. HP: 159/238 MP: 23/23
 47389 | Depths:5 | Received a gift from Okawaru
 47419 | Depths:5 | Received a gift from Okawaru
 47452 | Depths:5 | Got faintly humming acid dragon scales {god gift}
 47454 | Depths:5 | Identified the +0 acid dragon scales of Qootuw {rC+ rCorr
                  | Stlth+} (Okawaru gifted it to you on level 5 of the Depths)
 47857 | Depths:5 | Killed Boris
 47944 | Depths:5 | Found a gate to the Realm of Zot.
 48572 | Lair:1   | Upgraded the game from 0.25-a0-614-g73ad250637 to
                  | 0.25-a0-631-gc915619fb7
 48768 | D:15     | Fell from the grace of Okawaru
 48768 | D:15     | Became a worshipper of Zin the Law-Giver
 48768 | D:15     | Reached * piety under Zin
 48768 | D:15     | Reached ** piety under Zin
 48906 | Crypt:1  | Entered Level 1 of the Crypt
 48915 | Crypt:1  | Reached *** piety under Zin
 49142 | Crypt:1  | Found a transporter.
 49158 | Crypt:1  | Found a transporter.
 49778 | Crypt:1  | Reached **** piety under Zin
 50835 | Crypt:3  | Entered Level 3 of the Crypt
 50853 | Crypt:3  | Noticed Boris
 50872 | Crypt:3  | Killed Boris
 50890 | Crypt:3  | Reached ***** piety under Zin
 50915 | Crypt:3  | Reached XP level 27. HP: 237/247 MP: 23/23
 51565 | Crypt:3  | Noticed an ancient lich
 51570 | Crypt:3  | Killed an ancient lich
 51601 | Crypt:3  | Found a staircase to the Tomb.
 51613 | Crypt:3  | Reached ****** piety under Zin
 51705 | Crypt:3  | Found an ancient bone altar of Kikubaaqudgha.
 51708 | Crypt:3  | Found a basalt altar of Yredelemnul.
 51721 | Crypt:3  | Identified Sif Muna's Guide on Cankerous Companions
 51747 | Crypt:3  | Got a crude copper ring
 51748 | Crypt:3  | Identified the ring "Ozeutas" {rElec rPois rN+} (You found
                  | it on level 3 of the Crypt)
 51749 | Crypt:3  | Identified the Incunabulum of Dislocated Toxins
 51751 | Crypt:3  | Identified the Papyrus of Darkness
 51783 | Crypt:3  | Identified the +6 rapier of the Vendetta {pain, SInv}
 51783 | Crypt:3  | Identified the ring "Vics" {rElec rF+++ rN+ Str-2}
 51783 | Crypt:3  | Noticed a greater mummy
 51801 | Crypt:3  | Killed a greater mummy
 52450 | Depths:1 | Voluntarily entered the Abyss.
 52617 | Abyss:1  | Paralysed by accursed screaming for 1 turns
 52819 | Abyss:1  | Found a hazy altar of Hepliaklqana.
 52892 | Abyss:1  | Noticed an ancient lich
 52913 | Abyss:1  | Killed an ancient lich
 52932 | Abyss:2  | Found a bloodstained altar of Trog.
 52984 | Abyss:3  | Found an ornate altar of the Wu Jian Council.
 52987 | Abyss:3  | Found a corrupted altar of Lugonu.
 53068 | Abyss:4  | Found a corrupted altar of Lugonu.
 53190 | Abyss:5  | Entered Level 5 of the Abyss
 53314 | Abyss:5  | Found a glowing golden altar of the Shining One.
 53324 | Abyss:5  | Noticed a juggernaut
 53334 | Abyss:5  | Killed a juggernaut
 53362 | Abyss:5  | Noticed an ancient lich
 53363 | Abyss:5  | Found a glowing golden altar of the Shining One.
 53373 | Abyss:5  | Killed an ancient lich
 53405 | Abyss:5  | Got an abyssal rune of Zot
 53408 | Abyss:5  | Reached skill level 5 in Invocations
 53411 | Abyss:5  | Found a glowing golden altar of the Shining One.
 53431 | Depths:1 | Escaped the Abyss
 53466 | Hell     | Entered the Vestibule of Hell
 53466 | Hell     | Noticed Geryon
 53495 | Hell     | Found a gateway to the freezing wastes of Cocytus.
 53602 | Hell     | Killed Geryon
 53861 | Hell     | Found a gateway to the decaying netherworld of Tartarus.
 54016 | Hell     | Found a gateway to the Iron City of Dis.
 54076 | Hell     | Found a gateway to the ashen valley of Gehenna.
 54273 | Tar:1    | Entered Level 1 of Tartarus
 56296 | Tar:7    | Entered Level 7 of Tartarus
 56448 | Tar:7    | Noticed Ereshkigal
 56484 | Tar:7    | Killed Ereshkigal
 56664 | Tar:7    | Zin protects you from harm!
 56767 | Tar:7    | Noticed an ancient lich
 56768 | Tar:7    | Noticed an ancient lich
 56773 | Tar:7    | Killed an ancient lich
 56792 | Tar:7    | Killed an ancient lich
 56804 | Tar:7    | HP: 9/252 [black draconian/bolt of lightning[the fury of
                  | Okawaru] (9)]
 56976 | Tar:7    | Identified the Collected Works on Dark Confrontation
 56980 | Tar:7    | Got a brightly glowing silver ring
 56981 | Tar:7    | Identified the ring of Jicopp {AC+2 Str+8} (You found it on
                  | level 7 of Tartarus)
 57487 | Tar:7    | Got a glittering emerald amulet
 58154 | Tar:7    | Got a bone rune of Zot
 58620 | Lair:1   | Identified the amulet "Lysiasm" {Inacc rC+ Int+4} (You
                  | found it on level 7 of Tartarus)
 58669 | Lair:1   | Lost mutation: You are clumsy. (Dex -2) [potion of
                  | mutation]
 58669 | Lair:1   | Lost mutation: Your mind is acute. (Int +2) [potion of
                  | mutation]
 58669 | Lair:1   | Lost mutation: Your system is resistant to poisons. (rPois)
                  | [potion of mutation]
 58669 | Lair:1   | Lost mutation: You are partially covered in iridescent
                  | scales. (AC +2) [potion of mutation]
 58863 | Dis:1    | Entered Level 1 of the Iron City of Dis
 59536 | Dis:5    | Reached skill level 10 in Invocations
 59699 | Dis:6    | Was forgiven by Okawaru
 60234 | Dis:7    | Entered Level 7 of the Iron City of Dis
 60413 | Dis:7    | Reached skill level 22 in Unarmed Combat
 61048 | Dis:7    | Reached skill level 23 in Unarmed Combat
 61405 | Dis:7    | Identified the +4 staff of Dispater
 61405 | Dis:7    | Noticed Dispater
 61701 | Dis:7    | Found the +3 giant club "Skullcrusher" {speed, Str+7}
 61884 | Dis:7    | Killed Dispater
 61919 | Dis:7    | Found the +8 Wrath of Trog {antimagic, *Rage}
 61921 | Dis:7    | Found the +7 great mace "Firestarter" {inner flame, rF++}
 61931 | Dis:7    | Got an iron rune of Zot
 62511 | Geh:1    | Entered Level 1 of Gehenna
 62687 | Geh:1    | Reached skill level 24 in Unarmed Combat
 62934 | Geh:3    | Cast into level 2 of the Abyss (hell knight)
 63042 | Geh:3    | Escaped the Abyss
 64181 | Geh:7    | Entered Level 7 of Gehenna
 64285 | Geh:7    | Reached skill level 25 in Unarmed Combat
 64712 | Geh:7    | HP: 9/256 [Brimstone Fiend/damnation[the effects of Hell]
                  | (29)]
 64914 | Geh:7    | HP: 10/256 [hellion/damnation (23)]
 64914 | Geh:7    | Killed from afar by a lich

Levels and vault maps discovered:
D:1:      dpeg_arrival_tiny_d, layout_rooms,
          wander_ebering_terrifying_dragon_lair
D:2:      kennysheep_the_goblin_king, layout_rooms, okawaru_ov_weapons_minmay,
          lemuel_round_altar, overflow_temple_1_default, grunt_ministairs_12
D:3:      layout_basic
D:4:      layout_gridville, first_ration, uniq_edmund
D:5:      layout_basic, eat_drink_and_be_merry_uskayaw,
          gammafunk_temple_overflow_statue, temple_pool_b, serial_shops,
          nicolae_shop_behind_doors, bh_walls_and_bars
D:6:      layout_cave_pools, lemuel_coloured_pillars_altar, kennysheep_mini,
          serial_glass, glass_columns_a, glass_columns_a, glass_columns_a,
          skrybe_limestone_x, minmay_statues_item, kennysheep_another_room
D:7:      layout_rooms, cheibrodos_worm_habitat, overflow_temple_1_default,
          basic_altar
D:8:      layout_loops_corners, xom_confusion_cloud, lemuel_round_altar,
          grunt_temple_overflow_open, the_bakery
D:9:      layout_big_octagon, chequers_serial_rivers_room_a, grunt_potential,
          uniq_joseph
D:10:     layout_cave_pools, david_lair_shrubbed, minmay_misc_feat_rugged
D:11:     layout_roguey, grunt_ministairs_2
D:12:     layout_basic, hiddenorc1_lemuel
D:13:     layout_basic, lemuel_old_faithful, uniq_nessos
D:14:     layout_cave_pools, erik_vaults_2, serial_column_ruins,
          column_ruins_square_small, column_ruins_open_small,
          column_ruins_open_small, column_ruins_grid_3,
          column_ruins_columns_straight, column_ruins_grid_4,
          column_ruins_open_small, column_ruins_corridor_straight
D:15:     gammafunk_depths_entry_grave, layout_loops_cross, lemuel_round_altar,
          serial_bayou_crossing
Lair:1:   layout_loops_ring, basic_altar, beast_lair_carwin_1,
          minmay_lair_oklob_chamber, uniq_maggie
Lair:2:   layout_roguey, guppyfry_snake_entry_garden,
          portal_ice_cave_demonic_guard, basic_altar
Lair:3:   layout_hall_layers, ldierk_geyser
Lair:4:   layout_regular_city, shoals_dummy_entry, grunt_megastairs_2
Lair:5:   layout_long_grid, slime_altar_2, portal_ice_cave_entry_pillars_1,
          infiniplex_staircase_pool_2, grunt_megastairs_3, lemuel_fruit_fields
Lair:6:   evilmike_catoblepas_cave, layout_big_grid, grunt_megastairs_1
Shoals:1: layout_shoals
Shoals:2: layout_shoals, abandoned_shop, hangedman_shoal_volcano, uniq_ilsuiw
Shoals:3: layout_shoals, st_cyclops
Shoals:4: shoals_end_simple, layout_shoals
Snake:1:  layout_layer_cave, serial_shops, nicolae_shop_trees,
          serial_bayou_lagoon_a
Snake:2:  layout_rooms, serial_shops, nicolae_shop_stone, grunt_ministairs_3,
          minmay_shop_grove
Snake:3:  layout_layer_cave, serial_shops, shop_fountains, serial_bayou_shore_b,
          uniq_aizul, uniq_vashnia
Snake:4:  grunt_snake_rune_serpentine_throne, layout_misc_corridors, uniq_donald
Slime:1:  layout_caves
Slime:2:  layout_caves
Slime:3:  layout_caves, nicolae_slime_welcoming_committee
Slime:4:  cheibrodos_slime_lost_civilization_9, layout_caves
Slime:5
Orc:1:    layout_caves, statue_in_the_mist_lemuel, uniq_fannar
Orc:2:    st_orc_town, layout_caves, nicolae_orc_crystal_geode
Elf:1:    layout_gridlike, gammafunk_ghost_grave, serial_shops, shop,
          nicolae_shop_stone, shop, nicolae_shop_stone, shop,
          hangedman_elven_crosses_minicolossus
Elf:2:    layout_geoelf_octagon, serial_shops, shop, st_stairs_12, uniq_roxanne
Elf:3:    elf_hall, layout_onion_city, serial_shops, nicolae_shop_waterfront,
          nicolae_trove_entry_diagonal
Vaults:1: vaults_room_guarded_vault, vaults_standard_mumra_enter_the_diamond,
          ontoclasm_vaults_tryst, v_misc_15, grunt_vaults_funnel, v_misc_33,
          hangedman_vaults_pinch, vaults_room_corners,
          ontoclasm_vaults_misaligned, nicolae_vaults_rhombus_6,
          nicolae_vaults_little_squares_6, layout_vaults_chaotic_city
Vaults:2: v_misc_33, v_rooms_3, vaults_dpeg_hooks,
          dpeg_vaults_pockets_of_resistance, vaults_room_ringed_pool,
          hangedman_vaults_stagger, vaults_standard_mumra_lines,
          hangedman_vaults_corner_blocks, nicolae_vaults_circle_grid_a,
          nicolae_vaults_shelves_hall, v_misc_3,
          vaults_room_grunt_arrival_ludios, layout_vaults_omnibox, serial_shops,
          nicolae_shop_temple_entry_statues_fountains
Vaults:3: minmay_crypt_entry_simple_statues, nicolae_vaults_triangles,
          serial_ice_g, v_misc_27, nicolae_vaults_specimen_jars, v_pattern_1,
          nicolae_vaults_network_square, nicolae_vaults_little_ls,
          layout_vaults_omnigrid
Vaults:4: vaults_mumra_hexcomb, nicolae_vaults_network_periphery,
          nicolae_vaults_twisting_passages, ontoclasm_vaults_decontamination,
          nicolae_vaults_network_s, v_misc_16, st_eye, v_rooms_2,
          nicolae_vaults_theta, v_misc_30, hangedman_vaults_impose,
          ontoclasm_vaults_idyll, layout_vaults_ring
Vaults:5: uniq_margery, uniq_mara, uniq_boris
Crypt:1:  gammafunk_sealed_arena, layout_rooms, minmay_misc_feat_rows
Crypt:2:  layout_misc_corridors, roderic_lattice_octagonal_star
Crypt:3:  lightli_unholy_cathedral, layout_chaotic_city, minigarden_bobbens
Depths:1: layout_forbidden_donut, serial_shops,
          nicolae_shop_competitors_out_of_business, minmay_stone_trees_large,
          abyss_entry_small_statue_room, hell_entry,
          minmay_the_grid_square_5x5_3x3_mashed
          [minmay_the_grid_square_5x5_two_small,
          minmay_the_grid_square_5x5_forky, minmay_the_grid_square_5x5_n_small,
          minmay_the_grid_square_5x5_broken_cross,
          minmay_the_grid_square_5x5_megaprize_diamond,
          minmay_the_grid_square_5x5_checkered, minmay_the_grid_square_5x5_z,
          minmay_the_grid_square_5x5_moneybag,
          minmay_the_grid_square_5x5_inverted_slash],
          infiniplex_staircase_pool_lava, serial_bayou_shore_b
Depths:2: hangedman_stitches_corridor, layout_basic, enter_ziggurat_a,
          hell_entry, minmay_misc_feat_enclosed, nicolae_lava_and_water,
          kennysheep_generic_room_16, uniq_sojobo
Depths:3: minmay_polygon_palace, layout_basic, rand_demon_pan_entry_9,
          hell_entry, serial_shops, shop, minmay_staircase_statues,
          minmay_shoptagon
Depths:4: minmay_guarded_unrand_majin_bo, layout_gridville,
          nicolae_abyss_entry_one_way_or_another, grunt_hell_entry_dis_old,
          rand_demon_pan_entry_7, serial_shops, nicolae_shop_stone
Depths:5: grunt_runaround [grunt_runaround_doors_1, grunt_runaround_doors_2,
          grunt_runaround_doors_3, grunt_runaround_doors_4,
          grunt_runaround_zot], abyss_entry, serial_shops, hell_entry
Hell
Dis:1:    layout_regular_city, nicolae_dis_iron_filings, nrook_loot_triangle,
          door_vault
Dis:2:    layout_regular_city
Dis:3:    layout_chaotic_city
Dis:4:    layout_subdivisions
Dis:5:    layout_jigsaw
Dis:6:    layout_subdivisions
Dis:7:    dis_hangedman
Geh:1:    layout_gehenna_pools_basic, lemuel_hellion_isle, grunt_megastairs_5
Geh:2:    layout_gehenna_pools_basic
Geh:3:    layout_gehenna_pools_box
Geh:4:    layout_gehenna_pools_box
Geh:5:    layout_gehenna_lava_caves
Geh:6:    layout_gehenna_lava_caves
Geh:7:    geh_old
Tar:1:    layout_honeycomb, nicolae_tar_cuneiform_sun
Tar:2:    layout_grid_maze
Tar:3:    layout_catacombs
Tar:4:    layout_grid_maze
Tar:5:    layout_grid_maze, nicolae_tar_cuneiform_not, lemuel_nasty_fountain
Tar:6:    layout_grid_maze, nicolae_tar_fractal_crypt
Tar:7:    tar_grunt_cathedral

Skill      XL: |  1  2  3  4  5  6  7  8  9 10 11 12 13 14 15 16 17 18 19 20 21 22 23 24 25 26 27 |
---------------+----------------------------------------------------------------------------------+-----
Shields        | 3 4 5 6 7 8 9 10 11 13 15 20 | 20.8
Unarmed Combat | 3 4 5 7 8 10 11 13 14 16 17 18 21 25 | 25.7
Fighting       | 3 4 5 6 10 12 | 12.1
Throwing       | 1 2 3 5 7 8 9 10 11 15 17 20 23 | 23.5
Armour         | 2 3 4 10 14 15 18 21 23 | 23.0
Dodging        | 3 5 6 7 10 | 10.0
Invocations    | 2 13 | 13.6

Action                   |  1- 3 |  4- 6 |  7- 9 | 10-12 | 13-15 | 16-18 | 19-21 | 22-24 | 25-27 || total
-------------------------+-------+-------+-------+-------+-------+-------+-------+-------+-------++-------
Melee: Unarmed           |    82 |   210 |   328 |   547 |  1133 |  1225 |  1153 |  1211 |  4674 || 10563
       Kick              |       |       |       |   118 |   391 |   373 |   504 |   439 |       ||  1825
       Headbutt          |       |       |       |       |       |    79 |   313 |   281 |       ||   673
Throw: Dart              |       |    28 |    57 |   112 |    18 |       |       |       |       ||   215
       Boomerang         |       |       |    29 |       |    93 |   112 |   232 |   168 |       ||   634
       Large rock        |       |       |       |    55 |    81 |    84 |    29 |    77 |   304 ||   630
       Javelin           |       |       |       |       |    12 |     8 |    66 |    31 |    87 ||   204
       Throwing net      |       |       |       |       |       |       |       |       |     1 ||     1
Invok: Heroism           |       |       |     5 |    13 |    23 |    21 |     6 |    15 |     5 ||    88
       Finesse           |       |       |       |       |     3 |     1 |     1 |     5 |     3 ||    13
       Vitalisation      |       |       |       |       |       |       |       |       |    15 ||    15
       Recite            |       |       |       |       |       |       |       |       |    39 ||    39
 Abil: Evoke Flight      |       |       |       |       |       |       |     1 |       |       ||     1
Evoke: Wand              |       |       |     1 |       |       |     3 |     4 |       |     6 ||    14
       Phantom mirror    |       |       |       |       |     1 |       |       |       |       ||     1
       Tin of tremorston |       |       |       |       |       |       |     1 |       |       ||     1
  Use: Potion            |     1 |       |     4 |     4 |     5 |     9 |     2 |    10 |    31 ||    66
       Scroll            |       |       |    11 |    11 |    20 |    13 |    14 |    12 |    34 ||   115
 Stab: Sleeping          |       |       |     1 |       |       |     5 |     3 |     1 |       ||    10
       Invisible         |       |       |       |     1 |       |       |       |       |     5 ||     6
       Distracted        |       |       |       |       |       |       |       |     1 |     1 ||     2
       Confused          |       |       |       |       |       |       |       |       |    21 ||    21
       Petrified         |       |       |       |       |       |       |       |       |     1 ||     1
  Eat: Chunk             |     9 |    16 |    34 |    46 |    77 |    67 |    68 |    61 |    43 ||   421
       Ration            |       |       |       |       |     1 |       |     4 |     3 |    41 ||    49
Armor: Robe              |    34 |    78 |    97 |    48 |       |       |       |       |       ||   257
       Skin              |       |       |     2 |       |       |       |       |       |       ||     2
       Troll leather arm |       |       |       |   106 |   299 |     9 |       |       |       ||   414
       Shadow dragon sca |       |       |       |       |       |   418 |   355 |   356 |     9 ||  1138
       Gold dragon scale |       |       |       |       |       |       |       |       |  1140 ||  1140
Dodge: Dodged            |    42 |    75 |    94 |   136 |   307 |   266 |   277 |   237 |   771 ||  2205
       Deflected         |       |       |       |       |     5 |    21 |    45 |     5 |       ||    76
Block: Kite shield       |    41 |   112 |   165 |   257 |   552 |   657 |   751 |    92 |       ||  2627
       Reflection        |       |       |       |       |       |    41 |   109 |    94 |   132 ||   376
       Tower shield      |       |       |       |       |       |       |       |   941 |  4357 ||  5298

Table legend:
 A = Non-vault XP
 B = Vault XP
 C = Vault XP percentage of total XP
 D = Non-vault monster count
 E = Vault monster count
 F = Vault count percentage of total count
                 A         B        C        D         E       F
            +---------+---------+-------+---------+---------+-------
      Total | 1226800 | 1118830 |  47.7 |    2488 |    1090 |  30.5
            +---------+---------+-------+---------+---------+-------
        D:1 |      39 |       1 |   2.5 |      22 |       1 |   4.3
        D:2 |     197 |      20 |   9.2 |      28 |       9 |  24.3
        D:3 |     118 |       0 |   0.0 |      24 |       0 |   0.0
        D:4 |     447 |     166 |  27.1 |      17 |       1 |   5.6
        D:5 |     475 |       0 |   0.0 |      19 |       0 |   0.0
        D:6 |    1170 |       0 |   0.0 |      30 |       0 |   0.0
        D:7 |    1195 |       5 |   0.4 |      21 |       1 |   4.5
        D:8 |    1697 |     455 |  21.1 |      26 |       6 |  18.8
        D:9 |    1779 |    2379 |  57.2 |      23 |      17 |  42.5
       D:10 |     806 |     361 |  30.9 |       9 |       1 |  10.0
       D:11 |    5874 |     382 |   6.1 |      36 |       5 |  12.2
       D:12 |    9923 |     223 |   2.2 |      38 |      17 |  30.9
       D:13 |    8952 |    1353 |  13.1 |      39 |       1 |   2.5
       D:14 |   16901 |    7873 |  31.8 |      42 |       8 |  16.0
       D:15 |   27623 |    4623 |  14.3 |      65 |       8 |  11.0
     Lair:1 |    1073 |    1017 |  48.7 |       8 |       3 |  27.3
     Lair:2 |    3231 |     995 |  23.5 |      12 |       4 |  25.0
     Lair:3 |    2923 |       0 |   0.0 |      16 |       0 |   0.0
     Lair:4 |    6385 |     551 |   7.9 |      29 |       8 |  21.6
     Lair:5 |    8026 |    1040 |  11.5 |      27 |       3 |  10.0
     Lair:6 |    6165 |   13566 |  68.8 |      25 |      28 |  52.8
   Shoals:1 |    4978 |       0 |   0.0 |      11 |       0 |   0.0
   Shoals:3 |    3751 |       0 |   0.0 |       8 |       0 |   0.0
   Shoals:4 |    7927 |   18926 |  70.5 |      16 |      29 |  64.4
    Snake:1 |    5310 |       0 |   0.0 |      12 |       0 |   0.0
    Snake:2 |    8791 |    1064 |  10.8 |      13 |       2 |  13.3
    Snake:3 |   10448 |    9616 |  47.9 |      17 |       6 |  26.1
    Snake:4 |   22388 |    7921 |  26.1 |      53 |      13 |  19.7
    Slime:1 |   13434 |       0 |   0.0 |      30 |       0 |   0.0
    Slime:2 |   12940 |       0 |   0.0 |      30 |       0 |   0.0
    Slime:3 |    8420 |       0 |   0.0 |      20 |       0 |   0.0
    Slime:4 |    5555 |       0 |   0.0 |       8 |       0 |   0.0
    Slime:5 |   15904 |   33196 |  67.6 |      17 |      13 |  43.3
      Orc:1 |    7447 |     950 |  11.3 |      60 |       1 |   1.6
      Orc:2 |    2525 |    6856 |  73.1 |      33 |      55 |  62.5
      Elf:1 |   17085 |   10997 |  39.2 |      24 |      16 |  40.0
      Elf:2 |   13520 |   25446 |  65.3 |      23 |      33 |  58.9
      Elf:3 |   19900 |   44669 |  69.2 |      31 |      29 |  48.3
   Vaults:1 |   55605 |   18775 |  25.2 |      77 |      26 |  25.2
   Vaults:2 |   33830 |   46583 |  57.9 |      51 |      56 |  52.3
   Vaults:3 |   36051 |   25294 |  41.2 |      66 |      31 |  32.0
   Vaults:4 |   26545 |   65043 |  71.0 |      35 |      64 |  64.6
   Vaults:5 |   39278 |  111886 |  74.0 |      40 |      66 |  62.3
    Crypt:1 |   39614 |       0 |   0.0 |      57 |       0 |   0.0
    Crypt:2 |   22790 |       0 |   0.0 |      28 |       0 |   0.0
    Crypt:3 |   40124 |   53815 |  57.3 |      42 |      39 |  48.1
   Depths:1 |   28593 |   20836 |  42.2 |      36 |      17 |  32.1
   Depths:2 |   46852 |   31880 |  40.5 |      75 |      19 |  20.2
   Depths:3 |   22070 |   26536 |  54.6 |      24 |      24 |  50.0
   Depths:4 |   46449 |   20111 |  30.2 |      49 |      17 |  25.8
   Depths:5 |    7067 |  129727 |  94.8 |       7 |      86 |  92.5
       Hell |   31974 |   39703 |  55.4 |      50 |      55 |  52.4
      Dis:1 |    2667 |       0 |   0.0 |       7 |       0 |   0.0
      Dis:2 |    9540 |       0 |   0.0 |      22 |       0 |   0.0
      Dis:3 |    1736 |       0 |   0.0 |       9 |       0 |   0.0
      Dis:4 |    3694 |       0 |   0.0 |       9 |       0 |   0.0
      Dis:5 |   11276 |       0 |   0.0 |      25 |       0 |   0.0
      Dis:6 |    8333 |       0 |   0.0 |      26 |       0 |   0.0
      Dis:7 |   23432 |  142037 |  85.8 |      27 |     105 |  79.5
      Geh:1 |   18040 |    3261 |  15.3 |      45 |       1 |   2.2
      Geh:2 |   10631 |       0 |   0.0 |      18 |       0 |   0.0
      Geh:3 |   18042 |       0 |   0.0 |      32 |       0 |   0.0
      Geh:4 |    9463 |       0 |   0.0 |      33 |       0 |   0.0
      Geh:5 |   18114 |       0 |   0.0 |      42 |       0 |   0.0
      Geh:6 |   20964 |       0 |   0.0 |      54 |       0 |   0.0
      Geh:7 |   39418 |   30528 |  43.6 |      67 |      35 |  34.3
      Tar:1 |    7026 |       0 |   0.0 |      22 |       0 |   0.0
      Tar:2 |   13827 |       0 |   0.0 |      30 |       0 |   0.0
      Tar:3 |   35394 |       0 |   0.0 |      46 |       0 |   0.0
      Tar:4 |    2489 |       0 |   0.0 |       5 |       0 |   0.0
      Tar:6 |   18805 |    1950 |   9.4 |      22 |       5 |  18.5
      Tar:7 |   37027 |  115681 |  75.8 |      51 |      69 |  57.5
    Abyss:1 |   36865 |    6617 |  15.2 |      75 |       5 |   6.2
    Abyss:2 |   24257 |    3160 |  11.5 |      57 |       4 |   6.6
    Abyss:3 |   56062 |    1519 |   2.6 |     105 |       3 |   2.8
    Abyss:4 |    9641 |    4391 |  31.3 |      14 |       6 |  30.0
    Abyss:5 |   27893 |   18718 |  40.2 |      46 |      13 |  22.0
      IceCv |       0 |    6128 | 100.0 |       0 |      26 | 100.0
            +---------+---------+-------+---------+---------+-------
